 Dungeon Crawl Stone Soup version 0.19.1 (webtiles) character file.

557 lorenzova the Conjurer (level 7, -21/36 HPs)
             Began as a Deep Elf Conjurer on Dec 12, 2016.
             Demolished by azzavlup's ghost (25 damage)
             ... on level 4 of the Dungeon.
             The game lasted 00:10:21 (5061 turns).

lorenzova the Conjurer (Deep Elf Conjurer)          Turns: 5061, Time: 00:10:22

Health: -21/36     AC:  3    Str: 11    XL:     7   Next: 9%
Magic:  6/19       EV: 13    Int: 22    God:
Gold:   60         SH:  0    Dex: 15    Spells: 3 memorised, 10 levels left

rFire  . . .     SeeInvis .     k - +0 dagger (speed)
rCold  . . .     Gourm    .     a - +0 robe
rNeg   . . .     Faith    .     (no shield)
rPois  .         Spirit   .     (no helmet)
rElec  .         Reflect  .     (no cloak)
rCorr  .         Harm     .     w - +0 pair of gloves
MR     .....                    (no boots)
Stlth  ++........               (no amulet)
                                (no ring)
                                v - +6 ring of strength

@: no status effects
A: no striking features
a: no special abilities


You were on level 4 of the Dungeon.
You were hungry.

You visited 1 branch of the dungeon, and saw 4 of its levels.

You collected 172 gold pieces.
You spent 112 gold pieces at shops.

Inventory:

Hand Weapons
 k - a +0 dagger of speed (weapon)
Armour
 a - a +0 robe (worn)
 j - a +3 ring mail
 w - a +0 pair of gloves (worn)
Jewellery
 v - a +6 ring of strength (left hand)
Scrolls
 e - 2 scrolls of blinking {unknown}
 l - a scroll of amnesia {unknown}
 m - a scroll of enchant armour {unknown}
 n - a scroll of teleportation {unknown}
 o - a scroll of random uselessness {unknown}
 p - 3 scrolls of fear {unknown}
 q - a scroll of identify {unknown}
 r - 2 scrolls of magic mapping {unknown}
 t - 3 scrolls of remove curse {unknown}
 y - a scroll of immolation {unknown}
Potions
 d - a potion of lignification {unknown}
 f - 2 potions of flight {unknown}
 h - 2 potions of curing
 i - a potion of berserk rage {unknown}
 s - 2 potions of mutation {unknown}
 x - 2 potions of heal wounds
 z - a potion of magic {unknown}
Books
 b - a book of Conjurations

   Spells                             Type                      Level
   a - Magic Dart                     Conjuration                  1
   b - Searing Ray                    Conjuration                  2
   c - Dazzling Spray                 Conjuration/Hexes            3
   d - Fulminant Prism                Conjuration/Hexes            4
   e - Iskenderun's Mystic Blast      Conjuration                  4
   f - Iskenderun's Battlesphere      Conjuration/Charms           5
Comestibles
 c - 9 bread rations
 g - a slice of pizza
 u - 2 beef jerkies


   Skills:
 - Level 2.4 Dodging
 - Level 2.4 Stealth
 * Level 7.2 Spellcasting
 * Level 7.3 Conjurations
 + Level 2.2 Charms


You had 10 spell levels left.
You knew the following spells:

 Your Spells              Type           Power        Failure   Level  Hunger
a - Magic Dart            Conj           ####         1%          1    None
b - Iskenderun's Mystic   Conj           #####...     4%          4    ###....
c - Iskenderun's Battles  Conj/Chrm      ####....     34%         5    #####..


Dungeon Overview and Level Annotations

Branches:
Dungeon (4/15)
 Temple: D:4-7

Altars:
Dithmenos
Uskayaw

Shops:
D:4 %[}=[(!

Annotations:
D:4 azzavlup's ghost, novice OgGl


Message History

Your battlesphere fires!
The barrage of energy hits azzavlup's ghost.
Azzavlup's ghost is lightly damaged.
Casting: Iskenderun's Mystic Blast
Confirm with . or Enter, or press ? or * to list all spells.
Aiming: Magic Dart
Press: ? - help, Shift-Dir - straight line, f/p - azzavlup's ghost
Aim: azzavlup's ghost (lightly damaged)
The magic dart hits azzavlup's ghost.
Azzavlup's ghost is lightly damaged.
Your battlesphere fires!
The barrage of energy hits azzavlup's ghost.
Azzavlup's ghost is lightly damaged.
Your battlesphere expends the last of its energy and dissipates.
Azzavlup's ghost hits you!!
Ouch! That really hurt!
* * * LOW HITPOINT WARNING * * *
Azzavlup's ghost hits you!!
Ouch! That really hurt!
You die...

..........# #.....
#.♣.♣. ..........#
...... #....∩
..........###......
#.♣.♣.
.........∩.#.......
#..∩.⌠
..(....##.........
#.♣.♣. .......
#..#...... ##....∩
....## ##..#####
####..♣.♣. .###
#W.#######.........
##@.......##..####.
######..##########..#
## ###.<.#.<## #..##
#.......## ##..#
#..........# ##.##
#......(.....# #..#
#............# ##.##
#.....(......# #..#
#...........## ##.#


You could see azzavlup's ghost.

Vanquished Creatures
  A phantom (D:4)
  4 orc wizards
  4 orc priests (D:4)
  Crazy Yiuf (D:3)
  A worker ant (D:4)
  Robin (D:3)
  5 adders
  A worm (D:3)
  An adder skeleton (D:4)
  2 dart slugs
  5 leopard geckos
  19 orcs
  A giant cockroach (D:2)
  11 goblins
  10 hobgoblins
  15 jackals
  4 kobolds
  A quokka (D:3)
  A ball python skeleton (D:4)
  9 bats
  4 frilled lizards
  4 rats
  A fungus (D:3)
106 creatures vanquished.

Notes
Turn   | Place    | Note
-------+----------+-------------------------------------------
     0 | D:1      | lorenzova the Deep Elf Conjurer began the quest for the Orb.
     0 | D:1      | Reached XP level 1. HP: 10/10 MP: 6/6
   175 | D:1      | Reached XP level 2. HP: 15/15 MP: 0/8
   789 | D:2      | Found a shadowy altar of Dithmenos.
  1162 | D:2      | Reached skill level 5 in Conjurations
  1162 | D:2      | Reached XP level 3. HP: 17/19 MP: 3/10
  1505 | D:3      | Noticed Robin
  2136 | D:3      | Noticed a dagger
  2136 | D:3      | Noticed a dagger
  2137 | D:3      | Found a hide-covered altar of Uskayaw.
  2141 | D:3      | Reached XP level 4. HP: 24/24 MP: 9/12
  2183 | D:3      | Learned a level 4 spell: Iskenderun's Mystic Blast
  2236 | D:3      | Reached skill level 5 in Spellcasting
  2353 | D:3      | Reached XP level 5. HP: 18/28 MP: 0/14
  2422 | D:3      | Killed Robin
  3395 | D:3      | Found a runed door.
  3399 | D:3      | Noticed Crazy Yiuf
  3413 | D:3      | Killed Crazy Yiuf
  3687 | D:4      | Found Bashroupt's Food Shop.
  3892 | D:4      | Noticed azzavlup's ghost (novice OgGl)
  4064 | D:4      | Reached XP level 6. HP: 32/32 MP: 11/17
  4074 | D:4      | Learned a level 5 spell: Iskenderun's Battlesphere
  4306 | D:4      | Found Yris's Distillery.
  4314 | D:4      | Bought a potion of curing for 42 gold pieces
  4314 | D:4      | Bought a potion of heal wounds for 70 gold pieces
  4361 | D:4      | Found Beffir Penu's Weapon Shoppe.
  4362 | D:4      | Found Cudonair's Jewellery Shoppe.
  4363 | D:4      | Found Mackiug's Gadget Shoppe.
  4367 | D:4      | Found Gayhung's Antique Armour Shoppe.
  4406 | D:4      | Reached skill level 1 in Charms
  4604 | D:4      | Found Ketemek's Antique Armour Emporium.
  4776 | D:4      | Reached XP level 7. HP: 29/36 MP: 0/19
  5061 | D:4      | Demolished by azzavlup's ghost

Skill      XL: |  1  2  3  4  5  6 |
---------------+-------------------+-----
Spellcasting   | 4 5 6 7 |  7.2
Conjurations   | 5 6 7 |  7.3
Charms         | 2 |  2.2
Dodging        | |  2.4
Stealth        | |  2.4

Action                   |  1- 3 |  4- 6 |  7- 9 || total
-------------------------+-------+-------+-------++-------
Melee: Dagger            |     1 |    48 |     9 ||    58
 Cast: Magic Dart        |    85 |   110 |    21 ||   216
       Iskenderun's Myst |       |    14 |     1 ||    15
       Iskenderun's Batt |       |       |     1 ||     1
 Stab: Sleeping          |     1 |       |       ||     1
  Eat: Chunk             |     3 |     9 |     2 ||    14
Armor: Robe              |     1 |     7 |       ||     8
Dodge: Dodged            |     5 |    23 |     4 ||    32
